AoeStats
← zwei

Black Forest

509858809Analyzed
4v4 RM · 3d ago on Sep 28, 2026· 45m 54s· 8 players
Game mode
Random Map
Map size
Large (8 player)
Population
200
Speed
Normal
Resources
Standard
Victory
Conquest
Starting age
Dark Age
Ending age
Imperial Age
RankedLock teamsTeams togetherTeam positionsShared explorationLock speedFull tech treeHidden civsTurbo modeCheats
Victory
Defeat
🇨🇳 Britons · China
882
+10
🇹🇼 Danes · Taiwan
834
+17
🇬🇧 Muisca · United Kingdom
830
+12
🇭🇰 Franks · Hong Kong SAR China
808
+13
🇩🇪 Persians · Germany
851
-16
🇨🇳 Tatars · China
711
-11
704
-10
🇨🇳 Hindustanis · China
686
-10
尔等皆凡人
1:27 Loom
24:40 Feudal Age
35:40 Castle Age
34:27 Double-Bit Axe
36:59 Gold Mining
38:45 Bow Saw
39:19 Wheelbarrow
41:22 Gold Shaft Mining
41:16 Town Watch
41:43 Stone Mining
45:27 Imperial Age
Olala
7:37 Loom
11:28 Feudal Age
13:04 Double-Bit Axe
17:35 Wheelbarrow
16:51 Horse Collar
19:41 Castle Age
17:48 Scale Mail Armor
18:52 Fishing Lines
21:52 Bow Saw
21:43 Heavy Plow
21:37 Gillnets
23:33 Forging
23:52 Stone Mining
23:57 Gold Mining
25:42 Gold Shaft Mining
25:03 Fletching
25:35 Gambesons
26:15 Chain Mail Armor
27:23 Hamask
30:49 Iron Casting
30:57 Hand Cart
31:56 Fervor
31:49 Bodkin Arrow
31:44 Town Watch
32:58 Padded Archer Armor
33:19 Squires
33:05 Arson
33:28 Thumb Ring
34:11 Coinage
33:57 Caravan
34:50 Town Patrol
37:33 Ballistics
37:09 Murder Holes
37:26 Masonry
38:51 Stone Shaft Mining
40:50 Imperial Age
37:55 Pikeman
37:56 Man-at-Arms
38:00 Elite Skirmisher
38:33 Heated Shot
39:08 Sanctity
40:55 Onager
40:58 Elite Jomsviking
41:00 Northmen's Fury
42:01 Conscription
43:12 Hoardings
43:13 Plate Mail Armor
43:43 Blast Furnace
44:55 Chemistry
43:41 Arrowslits
44:32 Siege Engineers
44:33 Bracer
Sneaky Brit
0:38 Loom
11:22 Feudal Age
11:51 Double-Bit Axe
12:54 Horse Collar
20:25 Castle Age
19:35 Stone Mining
21:46 Heavy Plow
21:59 Bow Saw
33:20 Imperial Age
31:26 Wheelbarrow
32:07 Forging
31:57 Scale Mail Armor
32:06 Gold Mining
33:23 Squires
34:00 Iron Casting
34:37 Capped Ram
34:42 Elite Temple Guard
38:39 Champi Runner
40:11 Chain Mail Armor
39:38 Champi Warrior
43:43 Elite Champi Warrior
45:17 Plate Mail Armor
Reck1ess
1:48 Loom
13:14 Feudal Age
15:17 Gold Mining
15:15 Double-Bit Axe
18:58 Castle Age
21:26 Caravan
21:56 Bow Saw
24:09 Horse Collar
29:02 Imperial Age
27:03 Heavy Plow
27:08 Stone Mining
27:42 Ballistics
28:40 Wheelbarrow
29:10 Fletching
30:14 Elite Longbowman
31:16 Yeomen
31:47 Bodkin Arrow
31:53 Padded Archer Armor
32:12 Town Watch
32:58 Conscription
34:46 Chemistry
33:54 Siege Engineers
34:00 Masonry
34:00 Capped Ram
36:00 Bracer
36:16 Leather Archer Armor
36:30 Hand Cart
36:39 Pikeman
37:20 Squires
37:06 Arson
37:36 Forging
37:27 Scale Mail Armor
38:47 Warwolf
41:47 Halberdier
43:09 Iron Casting
43:05 Ring Archer Armor
42:51 Chain Mail Armor
46:02 Blast Furnace
隊友不准投降不准弱
0:56 Loom
zwei
0:30 Loom
1:39 Loom
11:30 Feudal Age
11:28 Loom
19:35 Castle Age
20:38 Double-Bit Axe
21:37 Fletching
26:13 Horse Collar
29:03 Heavy Plow
29:01 Bodkin Arrow
29:15 Scale Barding Armor
29:11 Gold Mining
30:41 Husbandry
30:56 Forging
31:27 Bow Saw
37:32 Imperial Age
35:44 Wheelbarrow
34:54 Town Watch
35:33 Chain Barding Armor
35:49 Iron Casting
37:58 Bloodlines
37:14 Elite War Elephant
38:39 Ballistics
39:21 Chemistry
39:14 Cavalier
41:14 Plate Barding Armor
40:46 Heavy Scorpion
我喜欢狐臭
0:41 Loom
20:05 Feudal Age
24:21 Wheelbarrow
24:16 Double-Bit Axe
27:32 Gold Mining
27:33 Stone Mining
32:12 Castle Age
31:25 Horse Collar
35:02 Heavy Plow
34:58 Town Watch
36:37 Bow Saw
38:02 Grand Trunk Road
38:08 Caravan
38:31 Hand Cart
39:27 Husbandry
39:38 Bloodlines
41:11 Forging
41:06 Scale Barding Armor
41:51 Bloodlines
43:21 Ballistics
43:12 Masonry
43:27 Ballistics
菜鸟驿站
0:38 Loom
15:11 Feudal Age
15:39 Double-Bit Axe
25:41 Castle Age
25:33 Horse Collar
34:36 Imperial Age
Connection lost

Rejoining the realm…

Still unreachable

The connection could not be restored.

Session expired

The server has moved on; the page needs a fresh start.